 Dungeon Sprint DCSS version 0.30-a0-1043-g60ff8d5f49 (webtiles) character file.

Game seed: 14817459705944421452

3800000 Danienth the Axe Maniac (level 20, -17/256 HPs)
             Began as a Troll Gladiator on Apr 10, 2023.
             Was the Champion of Makhleb.
             Demolished by The Servant
             ... wielding a +9 glaive of flaming
              (54 damage)
             ... in the Dungeon (Sprint VIII: "Arena of Blood").
             The game lasted 00:02:52 (38 turns).

Danienth the Axe Maniac (Troll Gladiator)             Turns: 38, Time: 00:02:52

Health: -17/256    AC:  4    Str: 27    XL:     20   Next: 72%
Magic:  18/29      EV: 26    Int:  4    God:    Makhleb [******]
Gold:   0          SH:  0    Dex: 17    Spells: 32/32 levels left

rFire   . . .      SeeInvis .    l - +∞ Axe of Woe
rCold   . . .      Faith    .    (shield currently unavailable)
rNeg    . . .      Spirit   .    b - +0 robe
rPois   .          Reflect  .    c - +0 hat
rElec   .          Rampage  .    (no cloak)
rCorr   .          NoTele   +    (gloves unavailable)
Will    +....                    (boots unavailable)
Stlth   ++++                     (no amulet)
HPRegen 1.42/turn                (no ring)
MPRegen 0.21/turn                (no ring)

@: no status effects
A: large, unfitting armour, claws 3, regeneration 1, shaggy fur 1, tough skin 1
a: Renounce Religion, Minor Destruction, Lesser Servant of Makhleb, Major
Destruction, Greater Servant of Makhleb


You were in the Dungeon.
You worshipped Makhleb.
Makhleb was exalted by your worship.
You visited 1 branch

Inventory:

Hand Weapons
 a - a +0 war axe
 l - the +∞ Axe of Woe (weapon)
   (You found it in the Dungeon)
Missiles
 d - 3 throwing nets (quivered)
 e - a large rock
Armour
 b - a +0 robe (worn)
 c - a +0 hat (worn)
Scrolls
 k - a scroll of blinking
Potions
 f - a potion of curing
 g - a potion of heal wounds
 h - a potion of haste
 i - 2 potions of magic
 j - a potion of berserk rage


   Skills:
 O Level 27 Fighting
 + Level 9.1(10.8) Short Blades
 + Level 9.1(10.8) Long Blades
 O Level 27 Axes
 + Level 10.0(22.1) Maces & Flails
 + Level 9.1(20.5) Polearms
 + Level 9.1(12.2) Staves
 + Level 7.6 Ranged Weapons
 O Level 27 Throwing
 + Level 9.1 Armour
 O Level 27 Dodging
 + Level 6.9 Stealth
 + Level 10.0 Shields
 + Level 10.8 Unarmed Combat
 + Level 6.9 Spellcasting
 + Level 8.3 Conjurations
 + Level 8.5 Hexes
 + Level 8.3 Summonings
 + Level 9.1 Necromancy
 + Level 8.3 Translocations
 + Level 8.3 Transmutations
 + Level 8.3 Fire Magic
 + Level 8.3 Ice Magic
 + Level 7.6 Air Magic
 + Level 10.0 Earth Magic
 + Level 9.3 Poison Magic
 + Level 11.1 Invocations
 + Level 9.3 Evocations


You had 32 spell levels left.
You didn't know any spells.
Your spell library was empty.

Dungeon Overview and Level Annotations

Branches:
Dungeon (1/1)

Altars:
Makhleb

Annotations:
D The Servant


Innate Abilities, Weirdness & Mutations

You are too large for most types of armour.
You have claws for hands.
Your natural rate of healing is unusually fast.
You are covered in fur. (AC +1)
You have tough skin. (AC +1)


Message History

Makhleb accepts your kill.
You slice the meat berserker!!
You chop the meat berserker into pieces.
You kill the meat berserker!
Makhleb accepts your kill.
The sculptor of flesh appears out of thin air!
A sculptor of flesh comes into view. It is wielding a +9 great sword.
The Servant hits you from afar with a +9 glaive of flaming!!!
The Servant burns you!
You hear a shout!
A meat berserker comes into view. It is wielding a +9 battleaxe.
You hear a shout!
Your base Short Blades skill increases to level 9!
Your base Long Blades skill increases to level 9!
Your base Maces & Flails skill increases to level 10!
Your base Polearms skill increases to level 9!
Your base Staves skill increases to level 9!
Your Armour skill increases to level 9!
Your Shields skill increases to level 10!
Your Conjurations skill increases to level 8!
Your Summonings skill increases to level 8!
Your Necromancy skill increases to level 9!
Your Translocations skill increases to level 8!
Your Transmutations skill increases to level 8!
Your Fire Magic skill increases to level 8!
Your Ice Magic skill increases to level 8!
Your Earth Magic skill increases to level 10!
Your Poison Magic skill increases to level 9!
Your Invocations skill increases to level 11!
Your Evocations skill increases to level 9!
You hit the bag of meat but do no damage.
You slaughter the bag of meat joyfully.
You kill the bag of meat!
Makhleb accepts your kill.
You hear a shout! x5
The Servant hits you from afar with a +9 glaive of flaming!!!!
Ouch! That really hurt!
* * * LOW HITPOINT WARNING * * *
The Servant burns you!!!
You die...

.... .. ....## #.
### ...... ..
.....
#.....##.##.....
................
........#.#.....
.........oOo..z..
........@Ooo.....
#.......)O.......
O....z.@).......
.......)))......
...#...))).#....
.... #.z.).).# ...
...###.....).###..
........###......
#........_........


You could see The Servant, 3 sculptors of flesh, a large bag of meat (inner
flame), 3 meat berserkers and 4 bags of meat.

Vanquished Creatures
  3 vampire knights (D)
  11 ogres (D)
  27 orcs (D)
  A skeletal warrior (D)
42 creatures vanquished.

Notes
Turn   | Place    | Note
-------+----------+-------------------------------------------
     0 | D        | Found the +∞ Axe of Woe
     0 | D        | Danienth the Troll Gladiator began the quest for the Orb.
     0 | D        | Reached XP level 1. HP: 19/19 MP: 0/0
     3 | D        | Became a worshipper of Makhleb the Destroyer
     6 | D        | Noticed a bag of meat
     6 | D        | Noticed a meat berserker
     7 | D        | Noticed a bag of meat
     9 | D        | Noticed a bag of meat
     9 | D        | Noticed a bag of meat
    11 | D        | Killed a bag of meat
    11 | D        | Noticed a meat berserker
    11 | D        | Noticed a bag of meat
    11 | D        | Noticed a bag of meat
    12 | D        | Reached XP level 2. HP: 40/40 MP: 1/1
    12 | D        | Reached XP level 3. HP: 46/46 MP: 2/2
    12 | D        | Reached XP level 4. HP: 55/55 MP: 3/3
    12 | D        | Reached XP level 5. HP: 62/62 MP: 4/4
    12 | D        | Reached XP level 6. HP: 71/71 MP: 5/5
    12 | D        | Reached XP level 7. HP: 78/78 MP: 6/6
    12 | D        | Reached XP level 8. HP: 87/87 MP: 7/7
    12 | D        | Reached XP level 9. HP: 93/93 MP: 8/8
    12 | D        | Reached XP level 10. HP: 102/102 MP: 9/9
    12 | D        | Killed a meat berserker
    12 | D        | Reached * piety under Makhleb
    12 | D        | Noticed a meat berserker
    12 | D        | Noticed a bag of meat
    12 | D        | Noticed a meat berserker
    13 | D        | Reached skill level 10 in Throwing
    13 | D        | Reached XP level 11. HP: 117/117 MP: 10/10
    13 | D        | Reached XP level 12. HP: 126/126 MP: 11/11
    13 | D        | Noticed a meat berserker
    13 | D        | Noticed a bag of meat
    13 | D        | Noticed a bag of meat
    13 | D        | Noticed a bag of meat
    13 | D        | Noticed a bag of meat
    13 | D        | Noticed a meat berserker
    13 | D        | Noticed a bag of meat
    13 | D        | Noticed a bag of meat
    13 | D        | Noticed a bag of meat
    14 | D        | Killed a bag of meat
    14 | D        | Killed a bag of meat
    14 | D        | Killed a meat berserker
    14 | D        | Reached ** piety under Makhleb
    14 | D        | Noticed a meat berserker
    14 | D        | Noticed a bag of meat
    15 | D        | Reached XP level 13. HP: 140/140 MP: 12/12
    15 | D        | Reached XP level 14. HP: 149/149 MP: 13/13
    15 | D        | Killed a meat berserker
    15 | D        | Killed a bag of meat
    15 | D        | Killed a bag of meat
    15 | D        | Reached *** piety under Makhleb
    15 | D        | Noticed a bag of meat
    15 | D        | Noticed a bag of meat
    15 | D        | Noticed a bag of meat
    16 | D        | Reached XP level 15. HP: 162/162 MP: 14/14
    16 | D        | Killed a meat berserker
    17 | D        | Killed a meat berserker
    17 | D        | Killed a meat berserker
    17 | D        | Reached **** piety under Makhleb
    17 | D        | Noticed a meat berserker
    18 | D        | Reached skill level 27 in Axes
    18 | D        | Reached skill level 15 in Throwing
    18 | D        | Reached XP level 16. HP: 183/183 MP: 15/15
    18 | D        | Noticed a meat berserker
    20 | D        | Killed a meat berserker
    20 | D        | Noticed a destroyer
    21 | D        | Reached skill level 27 in Dodging
    21 | D        | Reached ***** piety under Makhleb
    22 | D        | Reached XP level 17. HP: 210/210 MP: 16/16
    22 | D        | Killed a meat berserker
    22 | D        | Noticed a destroyer
    22 | D        | Noticed a meat berserker
    24 | D        | Reached skill level 27 in Fighting
    24 | D        | Reached ****** piety under Makhleb
    25 | D        | Reached XP level 18. HP: 236/236 MP: 17/17
    25 | D        | Killed a meat berserker
    26 | D        | Reached skill level 27 in Throwing
    28 | D        | Reached skill level 5 in Unarmed Combat
    28 | D        | Reached skill level 5 in Invocations
    28 | D        | Noticed The Servant
    28 | D        | Noticed a large bag of meat
    29 | D        | Noticed a meat berserker
    29 | D        | Killed a meat berserker
    29 | D        | Killed a destroyer
    29 | D        | Noticed a meat berserker
    30 | D        | Reached skill level 5 in Ranged Weapons
    30 | D        | Reached skill level 5 in Conjurations
    30 | D        | Reached skill level 5 in Hexes
    30 | D        | Reached skill level 5 in Summonings
    30 | D        | Reached skill level 5 in Translocations
    30 | D        | Reached skill level 5 in Transmutations
    30 | D        | Reached skill level 5 in Fire Magic
    30 | D        | Reached skill level 5 in Ice Magic
    30 | D        | Reached skill level 5 in Air Magic
    30 | D        | Reached XP level 19. HP: 245/245 MP: 17/24
    30 | D        | Noticed a destroyer
    31 | D        | Noticed a meat berserker
    32 | D        | Killed a destroyer
    33 | D        | Reached skill level 5 in Stealth
    33 | D        | Reached skill level 5 in Spellcasting
    35 | D        | Killed a destroyer
    36 | D        | Reached skill level 10 in Unarmed Combat
    36 | D        | Reached skill level 10 in Invocations
    36 | D        | Reached XP level 20. HP: 256/256 MP: 18/28
    37 | D        | Killed a meat berserker
    37 | D        | Noticed a meat berserker
    38 | D        | Reached skill level 10 in Maces & Flails
    38 | D        | Reached skill level 10 in Shields
    38 | D        | Reached skill level 10 in Earth Magic
    38 | D        | Demolished by The Servant

Illustrated notes

Levels and vault maps discovered:
D:        meatsprint

Skill      XL: |  1  2  3  4  5  6  7  8  9 10 11 12 13 14 15 16 17 18 19 20 |
---------------+-------------------------------------------------------------+-----
Fighting       | 7 9 12 13 17 22 27 | 27.0
Axes           | 14 17 21 24 27 | 27.0
Throwing       | 8 10 12 13 15 19 25 27 | 27.0
Dodging        | 13 17 20 22 25 27 | 27.0
Short Blades   | 6 8 9 |  9.1
Long Blades    | 6 8 9 |  9.1
Maces & Flails | 6 9 10 | 10.0
Polearms       | 6 8 9 |  9.1
Staves         | 6 8 9 |  9.1
Ranged Weapons | 5 7 |  7.6
Armour         | 6 8 9 |  9.1
Stealth        | 4 6 |  6.9
Shields        | 6 9 10 | 10.0
Unarmed Combat | 7 10 | 10.8
Spellcasting   | 4 6 |  6.9
Conjurations   | 5 7 8 |  8.3
Hexes          | 5 8 |  8.5
Summonings     | 5 7 8 |  8.3
Necromancy     | 6 8 9 |  9.1
Translocations | 5 7 8 |  8.3
Transmutations | 5 7 8 |  8.3
Fire Magic     | 5 7 8 |  8.3
Ice Magic      | 5 7 8 |  8.3
Air Magic      | 5 7 |  7.6
Earth Magic    | 6 9 10 | 10.0
Poison Magic   | 6 8 9 |  9.3
Invocations    | 7 10 11 | 11.1
Evocations     | 6 8 9 |  9.3

Action                     |  1- 3 |  4- 6 |  7- 9 | 10-12 | 13-15 | 16-18 | 19-21 || total
---------------------------+-------+-------+-------+-------+-------+-------+-------++-------
  Melee: Executioner's axe |     1 |       |       |     2 |     3 |    10 |     5 ||    21
  Dodge: Dodged            |     1 |       |       |       |       |       |       ||     1

Table legend: (Time is in decaauts)
 A = Elapsed time spent in this place.
 B = Non-inter-level travel time spent in this place.
 C = Inter-level travel time spent in this place.
 D = Time resting spent in this place.
 E = Time spent auto-exploring this place.
 F = Levels seen in this place.
 G = Mean time per level.
                   A        B        C        D        E       F      G
               +--------+--------+--------+--------+--------+-----+--------+
         Total |     33 |     31 |      2 |      0 |      0 |   1 |   33.0 |
       Dungeon |     33 |     31 |      2 |      0 |      0 |   1 |   33.0 |
               +--------+--------+--------+--------+--------+-----+--------+

Top non-repeatable levels by time:
       D: 33 daAuts
